[Event "*** Titled Tuesday Blitz"]
[Site "Chess.com"]
[Date "2020.11.24"]
[Round "10"]
[White "03revilo"]
[Black "Ariadna_Atreides"]
[Result "1-0"]
[WhiteElo "2301"]
[BlackElo "2090"]
[TimeControl "180+1"]
[EndTime "12:14:45 PST"]
[Termination "03revilo won by resignation"]

1. e4 c5 2. Nf3 d6 3. d4 cxd4 4. Nxd4 Nf6 5. Nc3 Nc6 6. a4 e5 7. Nxc6 bxc6 8. Be3 Ng4 9. Bd2 Qb6 10. Qf3 Be7 11.
Bc4 O-O 12. O-O Nf6 13. h3 Be6 14. Bxe6 fxe6 15. b3 d5 16. exd5 exd5 17. Qe2 e4 18.
a5 Qc7 19. f3 Bc5+ 20. Be3 exf3 21. Rxf3 Rae8 22. Qd3 Bxe3+ 23. Rxe3 Rxe3 24. Qxe3 Re8 25. Qc5 Qd7 26. Rf1 h6 27. b4 Ne4 28. Nxe4 dxe4 29. Qc4+ Kh8 30. Re1 e3 31. Qc3 Qe6 32.
Re2 Qe4 33. a6 Kh7 34. Qd3 g6 35. Qxe4 Rxe4 36. g3 h5 37. Kg2 Kh6 38. Kf3 Rxb4 39. Rxe3 Ra4 40. Re6 Rxa6 41. c3 Kg5 42. h4+ Kf5 43.
Rd6 Rb6 44. Rd8 Rb3 45. Rd3 a5 46. Ke3 a4 47. Kd4 a3 48. Rf3+ Ke6 49. Rf1 a2 50. Ra1 Ra3 51. Kc5 Ke5 52. c4 Ke4 53. Kxc6 Rxg3 54. Rxa2 Rg4 55. c5 Rxh4 56. Ra4+ Kf3 57.
Rxh4 Kg3 58. Rd4 h4 59. Kd5 h3 60. c6 h2 61. Rd1 Kg2 62. c7 h1=Q 63. Rxh1 Kxh1 64.
c8=Q g5 65. Qg4 Kh2 66. Qxg5 1-0

[Event "*** Titled Tuesday Blitz"]
[Site "Chess.com"]
[Date "2020.11.24"]
[Round "10"]
[White "DenishevM"]
[Black "Shahinyan_ChessMood"]
[Result "0-1"]
[WhiteElo "2600"]
[BlackElo "2826"]
[TimeControl "180+1"]
[EndTime "12:14:48 PST"]
[Termination "Shahinyan_ChessMood won by resignation"]

1. Nf3 Nf6 2. c4 c5 3. g3 g6 4. Bg2 Bg7 5. O-O O-O 6. Nc3 d6 7. d4 Nc6 8. d5 Na5 9. Nd2 a6 10.
Qc2 Rb8 11. b3 b5 12. e4 bxc4 13. bxc4 e6 14. Rb1 Rxb1 15. Ncxb1 exd5 16. cxd5 Bd7 17. Bb2 Qb6 18. Bc3 Rb8 19. Bxa5 Qxa5 20. Nc4 Qc7 21. Rd1 Ng4 22. Nbd2 Rb4 23. h3 Ba4 24. Qd3 Bxd1 25.
hxg4 Bxg4 26. Nb3 Bd7 27. e5 Bb5 28. exd6 Qd8 29. Nbd2 Bd4 30. a3 Rb2 31. Qe4 Bxc4 32. Nxc4 Rxf2 33. Kh2 Qg5 34. d7 Bf6 35. d6 Ra2 36. Ne3 Qh5+ 37. Kg1 Kg7 38. d8=Q Bxd8 39. d7 Bf6 40. Nd5 Qd1+ 41. Kh2 Qh5+ 42. Kg1 Qd1+ 43. Kh2 Rd2 44. d8=Q Bxd8 45. Qe5+ f6 46. Qe6 Qh5+ 47.
Kg1 Rd1+ 48. Kf2 Qf5+ 49. Qxf5 gxf5 50. Ne3 Rd2+ 51. Ke1 Ra2 52. Nxf5+ Kf8 53. Bd5 Rxa3 54. Nd6 Rd3 55. Ne4 Rxd5 0-1

[Event "*** Titled Tuesday Blitz"]
[Site "Chess.com"]
[Date "2020.11.24"]
[Round "10"]
[White "Guachiney"]
[Black "Grandmaster2B"]
[Result "1-0"]
[WhiteElo "2752"]
[BlackElo "2524"]
[TimeControl "180+1"]
[EndTime "12:14:48 PST"]
[Termination "Guachiney won by resignation"]

1. e4 c5 2. Nf3 d6 3. d4 cxd4 4. Nxd4 Nf6 5. Nc3 a6 6. Be3 e5 7. Nb3 Be6 8. h3 h5 9. f4 exf4 10. Bxf4 Nc6 11. Qe2 Ne5 12. O-O-O Qc7 13. Qe3 Be7 14.
Kb1 O-O 15. Be2 b5 16. Nd5 Nxd5 17. exd5 Bf5 18. Nd4 Bg6 19. Bxe5 dxe5 20. Nc6 Bd6 21. g4 h4 22. Qf2 b4 23. Qxh4 Be4 24. Bd3 Bxd3 25.
Rxd3 a5 26. Rf1 a4 27. Rf5 Qb6 28. Rd1 g6 29. Rf6 Qc5 30. Qg3 b3 31. cxb3 axb3 32.
Qxb3 Be7 33. Rf3 Ra6 34. Qb7 Rb6 35. Qxe7 Qb5 36. Rb3 Qe2 37. Rc1 Qe4+ 38. Ka1 Rxb3 39. axb3 Qe3 40. Rc5 Ra8+ 41. Na7 Qe1+ 42. Ka2 Qe3 43.
b4 Qd3 44. Qb7 Rd8 45. Rc8 Rxc8 46. Qxc8+ Kg7 47. Qc5 Qa6+ 48. Kb3 Qd3+ 49. Qc3 Qxd5+ 50. Ka4 Qd7+ 51. Nc6 Qb7 52. b5 Qa8+ 53. Kb4 Qf8+ 54. Qc5 Qa8 55. Qxe5+ Kg8 56. Qb8+ Qxb8 57. Nxb8 f5 58.
gxf5 gxf5 59. Kc4 f4 60. Kd3 f3 61. Ke3 f2 62. Kxf2 1-0

[Event "*** Titled Tuesday Blitz"]
[Site "Chess.com"]
[Date "2020.11.24"]
[Round "10"]
[White "Ranindu2003"]
[Black "Nikolakis2014"]
[Result "1-0"]
[WhiteElo "2576"]
[BlackElo "2706"]
[TimeControl "180+1"]
[EndTime "12:14:50 PST"]
[Termination "Ranindu2003 won on time"]

1. e4 c6 2. d4 d5 3. e5 Bf5 4. Nd2 e6 5. Nb3 Nd7 6. Nf3 h6 7. Be2 Ne7 8. O-O Bg4 9. h3 Bh5 10. Ne1 Bxe2 11. Qxe2 c5 12. Nxc5 Nxc5 13. dxc5 Nc6 14.
Nd3 Be7 15. f4 g6 16. c3 h5 17. Be3 d4 18. cxd4 Nxd4 19. Bxd4 Qxd4+ 20. Kh1 O-O 21. Rac1 Rfd8 22. Rfd1 Rac8 23. b4 a5 24. a3 axb4 25. axb4 Ra8 26. b5 Rac8 27. c6 bxc6 28. bxc6 Qa4 29.
Qf3 Rd5 30. c7 Qd7 31. Nf2 Rxd1+ 32. Rxd1 Qxc7 33. Ne4 Qc2 34. Rd7 Rc7 35. Nf6+ Bxf6 36. Rxc7 Qxc7 37. exf6 Qc1+ 38. Kh2 Qb2 39. Qa8+ Kh7 40.
Qd8 Qf2 41. Qc7 Kh6 42. Qxf7 Qxf4+ 43. Kg1 Qe3+ 44. Kf1 Qd3+ 45. Kf2 Qf5+ 46. Kg1 Kg5 47. h4+ Kxh4 48. Qe7 Kg3 49. Qa3+ Kh4 50. Qh3+ Qxh3 51. gxh3 Kg3 52. f7 1-0

[Event "*** Titled Tuesday Blitz"]
[Site "Chess.com"]
[Date "2020.11.24"]
[Round "10"]
[White "Leonid_Starozhilov"]
[Black "FLamps8"]
[Result "1-0"]
[WhiteElo "2666"]
[BlackElo "2498"]
[TimeControl "180+1"]
[EndTime "12:14:51 PST"]
[Termination "Leonid_Starozhilov won on time"]

1. e4 c6 2. d3 d5 3. Nd2 Nf6 4.
Ngf3 Bg4 5. Be2 e6 6. O-O Be7 7. b3 a5 8. a4 O-O 9. Bb2 Na6 10. Ne5 Bxe2 11. Qxe2 Nc5 12. Rfe1 Qc7 13. Nef3 Rad8 14. Be5 Qb6 15. h3 Nfd7 16. Bd4 Bf6 17. e5 Be7 18. Nf1 Qc7 19. Ng3 Na6 20. Nh5 c5 21.
Bc3 d4 22. Bd2 Nb4 23. Rac1 Nb6 24. Qe4 g6 25. Qg4 N6d5 26. Ng3 Kh8 27. Ne4 Na2 28. Rcd1 Nac3 29. Nxc3 dxc3 30. Bh6 Rg8 31. Bg5 Bxg5 32. Nxg5 Kg7 33. Qg3 h6 34. Ne4 Rgf8 35. Nf6 Nb4 36. Re2 Rd4 37. Rde1 Nd5 38. Ne4 Nb4 39. Nd6 Nd5 40.
Nc4 b6 41. Re4 Rxe4 42. Rxe4 Nb4 43. Re2 Qd7 44. Qf4 Qd8 45. h4 Nd5 46. Qg3 Qe7 47. Nd6 Rb8 48. Kh2 Kh7 49. f4 Kg7 50. h5 Kh7 51. Ne4 gxh5 52. Rf2 Rg8 53. Qh3 Rg4 54. g3 1-0

[Event "*** Titled Tuesday Blitz"]
[Site "Chess.com"]
[Date "2020.11.24"]
[Round "10"]
[White "IANOV0007"]
[Black "xamax2000"]
[Result "0-1"]
[WhiteElo "2436"]
[BlackElo "2644"]
[TimeControl "180+1"]
[EndTime "12:14:51 PST"]
[Termination "xamax2000 won on time"]

1. Nf3 Nf6 2. g3 g6 3. b3 Bg7 4. Bb2 O-O 5. Bg2 d5 6. c4 Nc6 7. cxd5 Qxd5 8. Nc3 Qh5 9. h3 Rd8 10. g4 Qa5 11. a3 Qb6 12. O-O Be6 13. b4 a5 14. b5 Na7 15. a4 c6 16. Ng5 Bd7 17. Qb3 e6 18. Nce4 Nd5 19. Bxg7 Kxg7 20. Qb2+ Kg8 21.
Nd6 Be8 22. Nxe8 Rxe8 23. e4 Nf4 24. Qf6 Qc7 25. e5 Ne2+ 26. Kh1 Qe7 27. Ne4 Rad8 28. Qf3 Nd4 29. Nf6+ Kg7 30. Qe3 c5 31. Rac1 b6 32. h4 h6 33. h5 Nc8 34. g5 hxg5 35. Qxg5 Rh8 36. f4 Nf5 37. Kg1 Rxd2 38. Rcd1 Qd8 39. Qg4 Qd4+ 40. Kh2 Rxd1 41. Rxd1 Ne3 42. Rxd4 Nxg4+ 43. Nxg4 Rxh5+ 44. Kg3 cxd4 45. Nf6 Rh8 46. Be4 Ne7 47.
Kf2 Nf5 48. Ke2 Rc8 49. Kd3 Rc3+ 50. Kd2 Ne3 51. Ne8+ Kf8 52. Nd6 Nc4+ 53. Nxc4 Rxc4 54. Kd3 Rxa4 55. Bc6 Rb4 56. Kc2 a4 0-1

[Event "*** Titled Tuesday Blitz"]
[Site "Chess.com"]
[Date "2020.11.24"]
[Round "10"]
[White "Bastiandash"]
[Black "ViktoriyaTarasova"]
[Result "1/2-1/2"]
[WhiteElo "2408"]
[BlackElo "2300"]
[TimeControl "180+1"]
[EndTime "12:14:51 PST"]
[Termination "Game drawn by repetition"]

1. d4 Nf6 2. Nf3 e6 3. c3 b6 4.
Bg5 Bb7 5. Nbd2 d5 6. e3 Nbd7 7. Bd3 Be7 8. O-O h6 9. Bh4 O-O 10. Ne5 Ne4 11. Bxe7 Qxe7 12. f4 c5 13. Qe2 Ndf6 14. Ndf3 c4 15. Bc2 b5 16. a3 a5 17. g4 Nd7 18. Nxd7 Qxd7 19. Ne5 Qe8 20. g5 f6 21. gxf6 gxf6 22. Ng4 Kh7 23. Kh1 Qf7 24. Rg1 Rg8 25. Rg2 Rg7 26. Rag1 Rag8 27. Qf3 f5 28. Ne5 Qf6 29. Bxe4 dxe4 30. Qh5 Bd5 31. Rxg7+ Rxg7 32. Rxg7+ Qxg7 33. Qe8 Qb7 34. Nd7 Bc6 35. Nf8+ Kg8 36.
Qd8 Kf7 37. Nh7 Qe7 38. Qb8 Qh4 39. Qc7+ Kg8 40. Qxc6 Qe1+ 41. Kg2 Qe2+ 42. Kg3 Qxe3+ 43. Kh4 Qxf4+ 44. Kh5 Qxh2+ 45. Kg6 Qg3+ 46. Kf6 Qg7+ 47. Kxe6 Qf7+ 48. Ke5 Qxh7 49. Qe8+ Kg7 50. Qe7+ Kg8 51. Qe8+ Kg7 52. Qe7+ Kg8 53. Qe8+ 1/2-1/2

[Event "*** Titled Tuesday Blitz"]
[Site "Chess.com"]
[Date "2020.11.24"]
[Round "10"]
[White "Gudmundur_Kjartansson"]
[Black "margarita_2703"]
[Result "1-0"]
[WhiteElo "2544"]
[BlackElo "2411"]
[TimeControl "180+1"]
[EndTime "12:14:54 PST"]
[Termination "Gudmundur_Kjartansson won by resignation"]

1. d4 d5 2. c4 c6 3. Nc3 Nf6 4. e3 e6 5. Nf3 Nbd7 6. Qc2 Bd6 7. Bd3 O-O 8. O-O Re8 9. e4 dxc4 10. Bxc4 e5 11.
Rd1 Qc7 12. h3 exd4 13. Nxd4 Ne5 14. Bf1 Ng6 15. Bg5 Be5 16. Rd2 h6 17. Be3 Bd7 18. Rad1 Rad8 19. b4 Nf4 20. a4 Ne6 21. Nf5 Bxc3 22.
Qxc3 Nxe4 23. Qb2 Nxd2 24. Rxd2 Bc8 25. Bc4 Rxd2 26. Bxd2 Rd8 27. g3 Qd7 28. Bf4 Nd4 29.
Nd6 Nf5 30. Nxf7 Qd1+ 31. Kg2 b5 32. axb5 cxb5 33. Bb3 Bb7+ 34. f3 Qxf3+ 35. Kg1 Rd1+ 36. Bxd1 Qxd1+ 37. Kf2 Kxf7 38. Qe5 Qd4+ 39. Qxd4 Nxd4 40. Be3 Nc6 41. Bc5 Ke6 42. Ke3 Kd5 43. Bf8 g6 44. Bxh6 Nxb4 45. g4 Nc6 46. h4 b4 47. h5 gxh5 48.
gxh5 Ne5 49. Bg7 Ng4+ 50. Kf4 Nf2 51. h6 Nd3+ 52. Ke3 b3 53. h7 Ne5 54. Bxe5 Kxe5 55. h8=Q+ Kd6 56. Qd4+ Kc7 57. Qxa7 1-0

[Event "*** Titled Tuesday Blitz"]
[Site "Chess.com"]
[Date "2020.11.24"]
[Round "10"]
[White "TheKingDoctor"]
[Black "kakorrhaphiophobie"]
[Result "0-1"]
[WhiteElo "2080"]
[BlackElo "2286"]
[TimeControl "180+1"]
[EndTime "12:14:54 PST"]
[Termination "kakorrhaphiophobie won on time"]

1. d4 f5 2. Bf4 d6 3. Nf3 g6 4.
e3 Bg7 5. c3 h6 6. h4 e6 7. Bc4 Qe7 8. Nbd2 Nf6 9. Qb3 Nc6 10. Bb5 Bd7 11. O-O-O O-O-O 12. Qa4 Kb8 13. Nc4 a6 14. Bxa6 bxa6 15. Qxa6 Na7 16. Nxd6 Bc6 17. Nc4 Bb7 18. Qa5 Nd5 19. Bh2 Qd7 20. Nfe5 Qb5 21. Qxb5 Nxb5 22. Nf7 Rhf8 23. Nxd8 Rxd8 24. Ne5 Bxe5 25.
Bxe5 Nd6 26. g3 Nb6 27. Rhg1 Bf3 28. Rde1 Nbc4 29. Bxd6 cxd6 30. Kc2 Kc7 31. b3 Nb6 32. c4 e5 33. Kc3 Ra8 34. a4 e4 35. Ra1 Kc6 36. Rgc1 d5 37. a5 Nc8 38. c5 Be2 39. b4 Na7 40. Rc2 Bd3 41. Rb2 Kb5 42. Kd2 Nc6 43. a6 Rxa6 44. Rxa6 Kxa6 45. Kc3 Kb5 46.
Ra2 Bc4 47. Ra8 g5 48. hxg5 hxg5 49. Rg8 f4 50. Rxg5 f3 51. Rf5 Nxb4 52. Rf8 Nd3 53.
Rb8+ Kc6 54. Rc8+ Kd7 55. Rb8 Nxf2 56. Rb6 Ng4 57. Rd6+ Kc7 58. Kd2 f2 59. Rg6 f1=Q 60. Rxg4 Qe2+ 0-1

[Event "*** Titled Tuesday Blitz"]
[Site "Chess.com"]
[Date "2020.11.24"]
[Round "10"]
[White "Euwe1234"]
[Black "RobertoJBM"]
[Result "0-1"]
[WhiteElo "2529"]
[BlackElo "2702"]
[TimeControl "180+1"]
[EndTime "12:14:57 PST"]
[Termination "RobertoJBM won by resignation"]

1. e4 c6 2. d4 d5 3. e5 Bf5 4.
Nf3 e6 5. Be2 Nd7 6. O-O h6 7.
Nbd2 Ne7 8. Nb3 Bh7 9. Bd2 Ng6 10.
Na5 Rb8 11. c4 dxc4 12. Nxc4 Be7 13. a3 O-O 14. Bb4 c5 15. dxc5 Bxc5 16. Nd6 Bxb4 17.
axb4 Ndxe5 18. Nxe5 Nxe5 19. b5 Qb6 20. Nc4 Nxc4 21. Bxc4 Rfd8 22. Qe2 Rd4 23. b3 Rbd8 24. Rfd1 Bf5 25. h3 Kf8 26. Rxd4 Qxd4 27. Qa2 Ra8 28. Re1 Kg8 29. Qa3 a6 30. bxa6 bxa6 31. Qe7 a5 32. Re3 a4 33. Qa3 Ra7 34. Bf1 axb3 35. Qxb3 Ra1 36. Qb5 Kh7 37. g4 Bg6 38. Qe2 Rd1 39. Kg2 Rd2 40. Qf3 e5 41. h4 f6 42. h5 Bc2 43. Bb5 Kh8 44. Ra3 Kh7 45. Be8 Be4 46. Bg6+ Bxg6 47. hxg6+ Kxg6 48. Qf5+ Kf7 49.
Kg3 Qf4+ 50. Qxf4 exf4+ 51. Kf3 g5 52. Ra7+ Kg6 53. Ra6 Rd3+ 54. Kg2 Rd8 55. Kf3 Rf8 56. Rb6 Rf7 57. Rb8 f5 58. gxf5+ Kxf5 59. Rb5+ Kg6 60. Ke4 Rf6 61. Re5 Kf7 62. f3 Re6 63. Kf5 Rxe5+ 64. Kxe5 Kg6 0-1

[Event "*** Titled Tuesday Blitz"]
[Site "Chess.com"]
[Date "2020.11.24"]
[Round "10"]
[White "Escanor89"]
[Black "Fy_Rakotomaharo"]
[Result "0-1"]
[WhiteElo "2515"]
[BlackElo "2692"]
[TimeControl "180+1"]
[EndTime "12:14:57 PST"]
[Termination "Fy_Rakotomaharo won on time"]

1. Nf3 d6 2. c4 g6 3. Nc3 Bg7 4.
g3 f5 5. Bg2 Nf6 6. O-O O-O 7. d4 c6 8. b3 Ne4 9. Bb2 Nxc3 10.
Bxc3 Nd7 11. Qc2 Nf6 12. Rad1 Bd7 13. Bb2 Qa5 14. Bc3 Qa6 15. Nd2 d5 16. Rfe1 Ne4 17. e3 Nxc3 18. Qxc3 e6 19. Bf1 Qb6 20. Nf3 a5 21.
Ne5 Be8 22. Nd3 g5 23. f4 Bh5 24. Rc1 h6 25. Ne5 Qb4 26. c5 Bxe5 27. dxe5 Qxc3 28. Rxc3 Rfd8 29. Rd3 a4 30. b4 a3 31. Rd4 b6 32.
cxb6 Rdb8 33. Rc1 Rxb6 34. Rc3 Ra4 35. b5 cxb5 36. Rxa4 bxa4 37. Rxa3 Bd1 38. Rc3 Rb2 39. a3 Rb3 40. Rc1 Bh5 41. Rc6 Kf7 42. Rc7+ Ke8 43. Ra7 Rb1 44. Kf2 Bd1 45. Ra5 g4 46. Bb5+ Ke7 47.
Bxa4 Rb2+ 48. Kg1 Bf3 49. Ra7+ Kd8 50. Bc6 Rg2+ 51. Kf1 Rxh2 52. Rd7+ Kc8 53. Rd6 Rh1+ 54. Kf2 Rh2+ 55. Kf1 Rg2 56. Bd7+ Kc7 57. Bxe6 Rxg3 58. Bxf5 h5 59. Rd7+ Kc6 60. e6 Rh3 61. e7 Rh1+ 62. Kf2 Rh2+ 63. Kf1 g3 0-1

[Event "*** Titled Tuesday Blitz"]
[Site "Chess.com"]
[Date "2020.11.24"]
[Round "10"]
[White "Infernal_XaM"]
[Black "vugarrasulov"]
[Result "0-1"]
[WhiteElo "2856"]
[BlackElo "2901"]
[TimeControl "180+1"]
[EndTime "12:14:58 PST"]
[Termination "vugarrasulov won by resignation"]

1. d4 Nf6 2. c4 e6 3. Nc3 Bb4 4. Qb3 a5 5. a3 Bxc3+ 6. Qxc3 a4 7. Nf3 b6 8. d5 O-O 9. Bg5 Na6 10. Qc2 h6 11. Bh4 Nc5 12. Rd1 exd5 13. cxd5 Ba6 14. e3 Bxf1 15. Kxf1 Re8 16. Rd4 Ra5 17. Rf4 g5 18.
Nxg5 hxg5 19. Bxg5 Nce4 20. Rxe4 Rxe4 21. Bxf6 Qxf6 22.
Qxe4 Rc5 23. g4 Rc1+ 24. Kg2 Rxh1 25. Kxh1 Qxf2 26. Qe8+ Kh7 27. Qe4+ Kg8 28. h4 Qxh4+ 29. Kg2 Qf6 30. Qxa4 Qxb2+ 31. Kf3 Qf6+ 32. Ke4 c6 33.
Kd3 Qf1+ 34. Kd4 Qa1+ 35. Kd3 Qf1+ 36. Kd4 Qa1+ 37. Kd3 Qb1+ 38. Kd4 Qb2+ 39. Kd3 cxd5 40. g5 Qe5 41. Qg4 Kg7 42. Qxd7 Qxg5 43. a4 Qg6+ 44.
Kc3 Qe4 45. Kd2 Kg6 46. Qc6+ Qe6 47. Qc2+ Kg7 48. Qb2+ Qf6 49. Qb5 Qf2+ 50. Kc3 Qxe3+ 51. Kc2 Qe4+ 52. Kc3 Qc4+ 53. Qxc4 dxc4 54. Kxc4 f5 55. Kb5 f4 56. Kxb6 f3 57. a5 f2 58. a6 f1=Q 59. a7 Qf3 60. Kc7 Qa8 0-1

[Event "*** Titled Tuesday Blitz"]
[Site "Chess.com"]
[Date "2020.11.24"]
[Round "10"]
[White "ARTHURMOTIVATOR"]
[Black "kkpanu9"]
[Result "1-0"]
[WhiteElo "2277"]
[BlackElo "2074"]
[TimeControl "180+1"]
[EndTime "12:14:59 PST"]
[Termination "ARTHURMOTIVATOR won by checkmate"]

1. e4 c5 2. b3 d5 3. exd5 Qxd5 4.
Nc3 Qd8 5. Nf3 Nc6 6. Bc4 Bf5 7. O-O Nf6 8. h3 e6 9. Bb2 Bd6 10. Nb5 Bb8 11. a4 a6 12. Na3 O-O 13. d4 cxd4 14. Nxd4 Qc7 15. Nf3 Ne4 16. Qe2 Ng5 17. g3 Nxh3+ 18.
Kg2 Qe7 19. Rad1 Bc7 20. Nh4 Nf4+ 21. gxf4 Qxh4 22. Rd3 Be4+ 23. f3 Bxd3 24. Bxd3 Bxf4 25. Rh1 Qg3+ 26. Kf1 h6 27. Bxg7 Qxg7 28. Rg1 Bg5 29. f4 Qf6 30. Qe4 Qf5 31. Qxf5 exf5 32. fxg5 Kh7 33.
Bxf5+ Kh8 34. gxh6 Ne5 35. Nb1 Rad8 36. Nc3 Rd2 37.
Ne4 Rxc2 38. Nf6 Rc1+ 39. Kf2 Rxg1 40. Kxg1 Rd8 41. Kf2 Rd2+ 42. Ke3 Rb2 43. Ke4 Ng6 44. Bxg6 fxg6 45. Nd5 Rxb3 46. Ke5 Rb4 47. Nxb4 a5 48. Nd5 Kh7 49. Nc7 Kxh6 50. Nb5 g5 51. Ke4 g4 52.
Kf4 Kh5 53. Kg3 Kg5 54. Nd6 Kf6 55. Nxb7 Ke5 56. Nxa5 Kd5 57. Nb3 Kc6 58. a5 Kb7 59. Kxg4 Ka6 60. Kf5 Kb5 61. Ke5 Ka6 62. Kd5 Ka7 63.
Kc5 Kb7 64. Kb5 Ka7 65. a6 Ka8 66. Kb6 Kb8 67. Nd2 Ka8 68. Ne4 Kb8 69. Nc3 Kc8 70. Nd5 Kb8 71. a7+ Ka8 72. Nc7# 1-0

[Event "*** Titled Tuesday Blitz"]
[Site "Chess.com"]
[Date "2020.11.24"]
[Round "10"]
[White "KononenkoD"]
[Black "elcandado"]
[Result "0-1"]
[WhiteElo "2482"]
[BlackElo "2655"]
[TimeControl "180+1"]
[EndTime "12:15:00 PST"]
[Termination "elcandado won on time"]

1. d4 Nf6 2. c4 e6 3. g3 d5 4.
Nf3 Be7 5. Bg2 O-O 6. O-O dxc4 7.
Qc2 a6 8. a4 Bd7 9. Qxc4 Bc6 10. Bf4 Bd6 11. Qc1 a5 12. Nc3 Na6 13. Re1 Bxf3 14.
Bxf3 Bxf4 15. Qxf4 c6 16. Rad1 Nb4 17. Qc1 Qe7 18.
e4 Rfd8 19. d5 e5 20. dxc6 bxc6 21. Be2 Qc5 22. Kg2 h6 23. h3 Rd4 24. Qe3 Rad8 25. Rc1 Qd6 26. Red1 Nd7 27. f4 Nc5 28. fxe5 Qxe5 29.
Rxd4 Rxd4 30. Rd1 Ne6 31. Rxd4 Nxd4 32. Bc4 Qc5 33. b3 Nxb3 34. Qxc5 Nxc5 35. Kf3 Kf8 36. e5 Ke7 37. Ke3 Nc2+ 38. Kf4 g5+ 39. Kg4 Ne3+ 40. Kh5 Nxc4 41. Kxh6 f6 42. exf6+ Kxf6 43. h4 gxh4 44. gxh4 Ne5 45. h5 Nf7+ 46. Kh7 Kg5 47. Ne2 Kxh5 48. Nd4 Ne5 49. Kg7 Nxa4 50. Kf6 c5 51. Nb3 Nc6 52. Kf5 c4 53. Nc1 Nb4 54. Ke4 c3 55. Kd4 Kg4 56. Kc4 Kf3 57. Kb3 Ke3 58. Kxa4 Kd2 59. Nb3+ Kc2 60.
Nxa5 Nd5 61. Nc4 Kd3 62. Kb5 Nc7+ 63. Kb4 c2 64. Nb2+ Ke2 0-1

[Event "*** Titled Tuesday Blitz"]
[Site "Chess.com"]
[Date "2020.11.24"]
[Round "10"]
[White "Legendinunknown"]
[Black "AldokhinIvan"]
[Result "1-0"]
[WhiteElo "2673"]
[BlackElo "2500"]
[TimeControl "180+1"]
[EndTime "12:15:01 PST"]
[Termination "Legendinunknown won by resignation"]

1. d4 Nf6 2. c4 g6 3. Nc3 Bg7 4. e4 d6 5. Nf3 O-O 6. Be2 Nc6 7. d5 Nb4 8. O-O Re8 9. Bg5 e6 10. Qd2 a5 11. Rfe1 exd5 12. exd5 Bd7 13. Rad1 Na6 14. Qf4 Nc5 15. Qh4 Bf5 16. Nd4 Bc8 17.
Bf1 Bd7 18. Rxe8+ Bxe8 19. Re1 Bd7 20. Ndb5 Bxb5 21. Nxb5 Rc8 22. Nc3 Ncd7 23. a3 Qf8 24. Nb5 h6 25. Bd2 Ne5 26. Bc3 g5 27. Qh3 g4 28. Qh4 Nfd7 29. h3 Bf6 30. Qg3 h5 31. hxg4 hxg4 32. f4 Ng6 33. Qxg4 Bxc3 34. Nxc3 Nf6 35.
Qf5 Re8 36. Rxe8 Nxe8 37. Ne4 Qe7 38. Bd3 Kg7 39. g3 Nf6 40. Qxf6+ Qxf6 41. Nxf6 Kxf6 42. Bxg6 Kxg6 43. Kf2 f5 44. Kf3 Kh5 45. b4 axb4 46. axb4 b6 47. b5 Kh6 48. g4 Kg6 49. gxf5+ Kxf5 50. Ke3 Kf6 51. Kf3 Kf5 52. Kg3 Kf6 53. Kg4 Kg6 54. f5+ Kf6 55. Kf4 Kf7 56. Kg5 Kg7 57. f6+ Kf7 58. Kf5 Kf8 59. Ke6 Ke8 60. f7+ Kf8 61. Kd7 Kxf7 62. Kxc7 1-0

[Event "*** Titled Tuesday Blitz"]
[Site "Chess.com"]
[Date "2020.11.24"]
[Round "10"]
[White "tteshan"]
[Black "CraiggoryC"]
[Result "1-0"]
[WhiteElo "2375"]
[BlackElo "2167"]
[TimeControl "180+1"]
[EndTime "12:15:01 PST"]
[Termination "tteshan won by checkmate"]

1. d4 Nf6 2. c4 g6 3. Nc3 Bg7 4. e4 O-O 5. Be2 c5 6. d5 d6 7.
Bg5 h6 8. Be3 e6 9. Qd2 exd5 10.
exd5 Ng4 11. Bxg4 Bxg4 12. h3 Qh4 13. Ne4 Na6 14. g3 Qh5 15. Nxd6 Nb4 16. a3 Bxb2 17. Rb1 Qe5 18. Nb5 Bf5 19. Rxb2 Nd3+ 20. Kf1 Nxb2 21. Nf3 Qe4 22. Kg2 Nxc4 23. Qc3 Nxe3+ 24. fxe3 Qc2+ 25. Qxc2 Bxc2 26. Rc1 Be4 27. Rxc5 Rad8 28. d6 a5 29. Rc7 Bc6 30. Nd4 Rxd6 31. Kf2 Rfd8 32. Ne5 Re6 33. Nxe6 fxe6 34. Nxg6 Rd2+ 35. Ke1 Ra2 36. Ne7+ Kf8 37. Ng6+ Ke8 38. Re7+ Kd8 39. Rxe6 Bf3 40. Rd6+ Kc7 41. Rd3 Re2+ 42. Kf1 Ra2 43. Nf4 h5 44. Rc3+ Kb6 45. h4 a4 46. Ke1 Rb2 47. Nd3 Rb3 48. Rxb3+ axb3 49. Kd2 Be4 50. Nb2 Ka5 51. Kc3 Bd5 52. Kd4 Bf7 53. e4 b5 54. e5 b4 55. axb4+ Kxb4 56.
Kd3 Ka3 57. Kc3 Ka2 58. Nd3 Be6 59. Nc1+ Kb1 60. Nxb3 Bxb3 61. Kxb3 Kc1 62. e6 Kd2 63. e7 Ke3 64. e8=Q+ Kf3 65. Qg6 Kg2 66. Qg5 Kh3 67.
Kc3 Kh2 68. Kd3 Kh3 69. Ke3 Kh2 70. Kf3 Kh3 71. Qc5 Kh2 72. Qc1 Kh3 73. Qh1# 1-0

[Event "*** Titled Tuesday Blitz"]
[Site "Chess.com"]
[Date "2020.11.24"]
[Round "10"]
[White "SpasKozhuharov"]
[Black "J36225"]
[Result "1-0"]
[WhiteElo "2679"]
[BlackElo "2521"]
[TimeControl "180+1"]
[EndTime "12:15:02 PST"]
[Termination "SpasKozhuharov won on time"]

1. d4 Nf6 2. c4 e6 3. a3 d5 4.
Nf3 Nbd7 5. cxd5 exd5 6. Bg5 c6 7. Nc3 Be7 8. e3 h6 9. Bh4 Nh5 10. Bxe7 Qxe7 11. Qc2 Nb6 12. Ne5 Nd7 13. Nd3 Nb6 14.
Be2 Nf6 15. Ne5 Nbd7 16. f4 Nxe5 17. fxe5 Ng4 18. Bxg4 Bxg4 19. O-O O-O 20. Rf4 Be6 21.
Raf1 c5 22. Qf2 cxd4 23. exd4 Rac8 24. Nb5 a6 25. Nd6 Rc6 26. Rf3 Rxd6 27. exd6 Qxd6 28. Rg3 Kh8 29. Qf4 Qb6 30. b4 Rc8 31. Qe5 f6 32.
Rxf6 Rc1+ 33. Rf1 Rxf1+ 34. Kxf1 Qb5+ 35. Kg1 Qd7 36. h3 Kh7 37. Rc3 Qf7 38. Rc7 Qg6 39. Rxb7 Bf5 40. Kh2 Be4 41. Qg3 Qf6 42. Qe5 Qg6 43. g4 Kg8 44. Kg3 Kh7 45. a4 Bc2 46. b5 Qd3+ 47. Kf2 Qd2+ 48. Qe2 Qf4+ 49. Qf3 Qxd4+ 50. Kg3 Qe5+ 51. Qf4 Qe1+ 52. Kh2 Qe2+ 53. Kg1 Qe1+ 54. Kh2 Qe2+ 55. Kg3 Qe1+ 56. Qf2 Qe5+ 57. Kg2 Be4+ 58. Kf1 Bd3+ 59. Kg1 1-0

[Event "*** Titled Tuesday Blitz"]
[Site "Chess.com"]
[Date "2020.11.24"]
[Round "10"]
[White "esskeettit"]
[Black "Margarita2907"]
[Result "1-0"]
[WhiteElo "2450"]
[BlackElo "2225"]
[TimeControl "180+1"]
[EndTime "12:15:02 PST"]
[Termination "esskeettit won on time"]

1. d4 Nf6 2. c4 e6 3. Nc3 Bb4 4.
e3 O-O 5. Bd2 d5 6. Bd3 dxc4 7.
Bxc4 Nbd7 8. Nge2 a6 9. O-O b5 10. Bd3 Bb7 11. Rc1 c5 12. a3 Bxc3 13. bxc3 Ne4 14.
Be1 Rc8 15. f3 Nef6 16. e4 cxd4 17. cxd4 Nb6 18. Ba5 Nfd7 19. Rxc8 Qxc8 20. Bb4 Rd8 21. Qb3 Qb8 22. Rd1 Rc8 23. Bd2 Nc4 24. Bf4 Qa7 25.
Bxc4 Rxc4 26. Kh1 Nb6 27. Be3 Na4 28. d5 Qb8 29. dxe6 fxe6 30. Bg5 Kf7 31. Rd7+ Kg6 32. h4 Nc5 33. Qd1 Nxd7 34. Qxd7 h6 35. Nf4+ Kh7 36. Nxe6 Qe5 37. Bf4 Qf6 38. Bg3 Rc1+ 39. Kh2 Bc8 40. Qd2 Rc6 41. Nf4 Rc4 42. Nh5 Qd4 43. Qf4 Qd7 44.
Qe5 Qf7 45. Nf4 Rc2 46. Nd5 Be6 47. Nf4 Bd7 48. Qd6 a5 49. e5 Qe8 50. e6 Bc8 51. Qd3+ Kh8 52. Qxc2 Bxe6 53. Nxe6 Qxe6 54. Qd2 Qb6 55. Qd7 b4 56. Be5 1-0

[Event "*** Titled Tuesday Blitz"]
[Site "Chess.com"]
[Date "2020.11.24"]
[Round "10"]
[White "ArjunErigaisi2003"]
[Black "azikom"]
[Result "1/2-1/2"]
[WhiteElo "2905"]
[BlackElo "2618"]
[TimeControl "180+1"]
[EndTime "12:15:03 PST"]
[Termination "Game drawn by repetition"]

1. b3 d5 2. Bb2 Nf6 3. Nf3 Nbd7 4. c4 e6 5. g3 Be7 6. Bg2 O-O 7. O-O b6 8. cxd5 Nxd5 9. Nc3 Bb7 10. Qc2 c5 11.
Rac1 Rc8 12. Rfd1 N7f6 13. Qb1 Nxc3 14. Rxc3 Nd5 15. Rcc1 Bf6 16. d4 cxd4 17. Bxd4 Rxc1 18. Rxc1 h6 19. e3 Re8 20. Qb2 Bxd4 21. Nxd4 Qd7 22. a3 Rc8 23. h4 Ne7 24. Rxc8+ Qxc8 25. Bxb7 Qxb7 26. Qc2 g6 27. b4 a6 28. a4 e5 29. Ne2 Qf3 30. Nc3 Nd5 31. Nxd5 Qxd5 32. Qc8+ Kg7 33. Qxa6 Qd1+ 34. Kg2 Qd5+ 35. Kh2 Qd2 36.
Kg2 Qxb4 37. Qa8 Qb3 38. Qc6 Qb4 39. Kg1 Qb2 40. Qd6 Qb1+ 41. Kh2 Qe4 42. Qc7 Qf5 43. Kg1 Qf6 44. Qc4 Qd6 45. Qb5 Qe6 46. Kg2 Qf6 47. Kf1 Qd6 48. Ke2 Qf6 49. e4 Qe6 50. f3 Qf6 51. Ke3 Qd6 52. Ke2 Qd4 53. Qb3 Qc5 54. Qb5 Qd4 55. Qb3 Qc5 56. Qb5 Qd4 1/2-1/2